 Dungeon Crawl Stone Soup version 0.21.1-1-g345015f (webtiles) character file.

43 Fortress the Conjurer (level 3, -5/16 HPs)
             Began as a Vine Stalker Conjurer on June 17, 2018.
             Slain by Terence
             ... wielding a +1 flail of protection
              (6 damage)
             ... on level 2 of the Dungeon.
             The game lasted 00:08:16 (1734 turns).

Fortress the Conjurer (Vine Stalker Conjurer)       Turns: 1734, Time: 00:08:16

Health: -5/16      AC:  3    Str: 10    XL:     3   Next: 58%
Magic:  0/7        EV: 12    Int: 16    God:
Gold:   48         SH:  0    Dex: 14    Spells: 3/6 levels left

rFire    . . .     SeeInvis .   i - +0 dagger
rCold    . . .     Gourm    .   (no shield)
rNeg     . . .     Faith    .   a - +0 robe
rPois    .         Spirit   +   g - +0 helmet
rElec    .         Reflect  .   (no cloak)
rCorr    .         Harm     .   (no gloves)
MR       .....                  (no boots)
Stlth    ++........             (no amulet)
HPRegen  0.05/turn              (no ring)
MPRegen  0.10/turn              (no ring)

@: very slightly contaminated
A: fangs 2, magic shield, antimagic bite, no potion heal 3, rot immunity
a: no special abilities


You were on level 2 of the Dungeon.
You were not hungry.

You visited 1 branch of the dungeon, and saw 3 of its levels.

You collected 48 gold pieces.

Inventory:

Hand Weapons
 i - a +0 dagger (weapon)
Missiles
 d - 18 sling bullets
 j - 17 poisoned needles
Armour
 a - a +0 robe (worn)
 g - a +0 helmet (worn)
Jewellery
 l - a +3 ring of dexterity {unknown}
Scrolls
 e - a scroll of remove curse
 h - a scroll of blinking {unknown}
 k - a scroll of noise {unknown}
 o - a scroll of amnesia {unknown}
 q - a scroll of fog {unknown}
 s - a scroll of immolation {unknown}
 t - a scroll of identify {unknown}
Potions
 f - a potion of lignification {unknown}
 m - a potion of agility {unknown}
 n - a potion of resistance {unknown}
 p - a potion of invisibility {unknown}
 u - a potion of curing {unknown}
 v - a potion of degeneration {unknown}
Books
 b - a book of Conjurations

   Spells                             Type                      Level
   a - Magic Dart                     Conjuration                  1
   b - Searing Ray                    Conjuration                  2
   c - Dazzling Spray                 Conjuration/Hexes            3
   d - Fulminant Prism                Conjuration/Hexes            4
   e - Force Lance                    Conjuration/Translocation    4
   f - Iskenderun's Mystic Blast      Conjuration                  4
Comestibles
 c - 5 rations
 r - 5 chunks of flesh


   Skills:
 + Level 0.1 Fighting
 * Level 1.1 Short Blades
 - Level 1.5 Dodging
 + Level 2.5 Stealth
 + Level 2.3 Spellcasting
 + Level 4.7 Conjurations


You had 3 spell levels left.
You knew the following spells:

 Your Spells              Type           Power        Failure   Level  Hunger
a - Magic Dart            Conj           ###.         2%          1    #......
b - Searing Ray           Conj           ###...       4%          2    ###....


Dungeon Overview and Level Annotations

Branches:
Dungeon (3/15)

Altars:

Annotations:
D:2 Terence


Innate Abilities, Weirdness & Mutations

You have extremely sharp teeth.
When hurt, damage is shared between your health and your magic reserves.
Your bite disrupts and absorbs the magic of your enemies.
Potions cannot restore your health.
You are immune to rotting.


Message History

Terence misses you.
You hit Terence but do no damage.
Terence is severely wounded.
Terence misses you.
You hit Terence but do no damage. You bite Terence, but do no damage.
Terence is severely wounded.
Terence barely misses you.
You hit Terence but do no damage.
Terence is severely wounded.
Terence hits you with a flail of protection!
You hit Terence.
Terence is almost dead.
Terence hits you with a flail of protection!
* * * LOW HITPOINT WARNING * * *
You hit Terence. Your bite misses Terence.
Terence is almost dead.
You hit Terence but do no damage. You bite Terence, but do no damage.
Terence is almost dead.
Terence hits you with a flail of protection.
You die...

####.###.# #.#...#
####+## #.#.### .......
#.#.# #..... #.#.# #.....
#.#.##### #.....
#.#.....#
##.....##.#####.###
.......@@.........#
..#######.#.###.#.#######
#....#.# #.#........
#.#..#.# #.########.
#.####.# #.# #......# #.#
######## #.# #.# ..#


You could see Terence.

Vanquished Creatures
  A worm (D:2)
  2 dart slugs (D:1)
  A leopard gecko (D:2)
  2 bats
  3 giant cockroaches
  7 hobgoblins
  A jackal (D:2)
  4 kobolds
  4 frilled lizards
  5 goblins
  2 rats
32 creatures vanquished.

Notes
Turn   | Place    | Note
-------+----------+-------------------------------------------
     0 | D:1      | Fortress the Vine Stalker Conjurer began the quest for the Orb.
     0 | D:1      | Reached XP level 1. HP: 9/9 MP: 4/4
   131 | D:1      | Reached XP level 2. HP: 8/13 MP: 0/6
   779 | D:1      | Reached XP level 3. HP: 16/16 MP: 3/7
  1175 | D:2      | Learned a level 2 spell: Searing Ray
  1263 | D:2      | Reached skill level 1 in Short Blades
  1717 | D:2      | Noticed Terence
  1734 | D:2      | Slain by Terence

Skill      XL: |  1  2  3 |
---------------+----------+-----
Short Blades   | 1 |  1.1
Fighting       | |  0.1
Dodging        | |  1.5
Stealth        | |  2.5
Spellcasting   | |  2.3
Conjurations   | |  4.7

Action                   || total
-------------------------++-------
Melee: Dagger            ||    35
       Unarmed           ||     3
       Bite              ||     9
 Cast: Magic Dart        ||    65
       Searing Ray       ||     1
  Use: Scroll            ||     1
  Eat: Chunk             ||     3
Armor: Robe              ||     6
Dodge: Dodged            ||    28
